 Dungeon Crawl Stone Soup version 0.31.0-12-g77e489cdc1 (webtiles) character file.

Game seed: 3228244031177860313

91 hawla the Magician (level 4, -5/25 HPs)
             Began as a Deep Elf Fire Elementalist on Feb 13, 2024.
             Killed by nerve-wracking pain
             ... invoked by Grinder
              (8 damage)
             ... while paralysed by Grinder
             ... on level 3 of the Dungeon.
             The game lasted 00:04:52 (2141 turns).

hawla the Magician (Deep Elf Fire Elementalist)     Turns: 2141, Time: 00:04:52

Health: -5/25      AC:  2    Str:  5    XL:     4   Next: 33%
Magic:  4/12       EV:  2    Int: 22    God:
Gold:   85         SH:  0    Dex: 15    Spells: 8/11 levels left

rFire   . . .        c - +2 falchion
rCold   . . .        (no shield)
rNeg    . . .        a - +0 robe
rPois   .            (no helmet)
rElec   .            (no cloak)
rCorr   .            (no gloves)
SInv    .            (no boots)
Will    .....        (no amulet)
Stlth   ++           (no ring)
HPRegen 0.24/turn    (no ring)
MPRegen 0.13/turn

%: no passive effects
@: paralysed
A: no striking features
a: no special abilities


You were on level 3 of the Dungeon.
You visited 1 branch of the dungeon, and saw 3 of its levels.

You collected 85 gold pieces.

Inventory:

Hand Weapons
 c - a +2 falchion (weapon)
Armour
 a - a +0 robe (worn)
Scrolls
 d - a scroll of teleportation
 e - 2 scrolls of revelation
 f - 2 scrolls of fog
 g - a scroll of identify
Potions
 b - a potion of magic
 h - a potion of curing {unknown}


   Skills:
 - Level 1.0 Fighting
 + Level 3.5 Dodging
 - Level 2.4 Stealth
 - Level 4.0 Spellcasting
 - Level 3.0 Conjurations
 - Level 3.2 Fire Magic


You had 8 spell levels left.
You knew the following spells:

 Your Spells              Type           Power      Damage    Failure   Level
a - Foxfire               Conj/Fire      72%        2x1d7     3%          1
b - Scorch                Fire           36%        2d6       4%          2

Your spell library contained the following spells:

 Spells                   Type           Power      Damage    Failure   Level
 Sandblast                Erth           8%         2d5       11%         1
 Summon Small Mammal      Summ           16%        N/A       11%         1
 Inner Flame              Hex/Fire       11%        N/A       17%         3
 Volatile Blastmotes      Fire/Tloc      22%        2d11      17%         3
 Flame Wave               Conj/Fire      18%        2d7       30%         4
 Call Canine Familiar     Summ           4%         N/A       32%         3
 Summon Blazeheart Golem  Fire/Summ      11%        N/A       50%         4


Dungeon Overview and Level Annotations

Branches:
Dungeon (3/15)

Altars:
Sif Muna
Trog
Wu Jian
Xom

Annotations:
D:3 Grinder


Message History

The endoplasm hits you.
You slash the endoplasm!
You kill the endoplasm!
Found a ring mail.
Grinder comes into view.
You see here a +0 ring mail.
Grinder is nearby!
Grinder shouts!
Grinder barely misses you.
Casting: Foxfire (safe; 3% risk of failure)
Confirm with . or Enter, or press ? or * to list all spells.
Flames lash Grinder.
Grinder is lightly wounded.
Grinder's fire resistance burns away.
Grinder blinks!
Casting: Scorch (safe; 4% risk of failure)
Confirm with . or Enter, or press ? or * to list all spells.
You can't see any susceptible monsters within range! (Use Z to cast anyway.) Unknown command.
Casting: Scorch (safe; 4% risk of failure)
Confirm with . or Enter, or press ? or * to list all spells.
Flames lash Grinder.
Grinder is burned terribly!
Grinder is heavily wounded.
Casting: Scorch (safe; 4% risk of failure)
Confirm with . or Enter, or press ? or * to list all spells.
Flames lash Grinder.
Grinder is burned terribly!
Grinder is severely wounded.
Grinder hits you!
You writhe in agony.
Casting: Scorch (safe; 4% risk of failure)
Confirm with . or Enter, or press ? or * to list all spells.
Flames lash Grinder.
Grinder is burned terribly!
Grinder is almost dead.
Grinder gestures at you.
You suddenly lose the ability to move!
Grinder gestures at you. Pain shoots through your body!
* * * LOW HITPOINT WARNING * * *
Grinder gestures at you. Pain shoots through your body!
You die...
Grinder says, "Now the real fun starts!"

#.#############.### #.#
#.# #.# #.# #.# #.# #.# #
#.# #.# .#### #.#### #.#
........#.#...
##.#.#[###....)......'...
.........@5...###.#####...
..#.#.#.###...... #......#
#.#.# ..... #.##.... # #.#
.... #.#.# #.# .#. #.#..
..# # #.#.. ..# #.#.. #.
#.#.. #.#..


You could see Grinder (combustible).

Vanquished Creatures
  A gnoll (D:3)
  3 adders (D:2)
  A white imp (D:3)
  3 dart slugs (D:1)
  A ribbon worm (D:2)
  6 endoplasms
  8 goblins
  5 quokkas
  2 ball pythons (D:1)
  2 bats
  A frilled lizard (D:3)
  4 kobolds
  2 rats
39 creatures vanquished.

Vanquished Creatures (others)
  127 foxfires
127 creatures vanquished.

Grand Total: 166 creatures vanquished

Notes
Turn   | Place    | Note
-------+----------+-------------------------------------------
     0 | D:1      | hawla the Deep Elf Fire Elementalist began the quest for
                  | the Orb.
     0 | D:1      | Reached XP level 1. HP: 10/10 MP: 6/6
   132 | D:1      | Reached skill level 1 in Fighting
   271 | D:1      | Reached XP level 2. HP: 16/16 MP: 4/8
  1071 | D:2      | Reached XP level 3. HP: 8/20 MP: 4/9
  1183 | D:2      | Found an ornate altar of the Wu Jian Council.
  1490 | D:2      | Reached skill level 4 in Spellcasting
  1560 | D:2      | Reached XP level 4. HP: 17/25 MP: 7/12
  1809 | D:3      | Found a shimmering blue altar of Sif Muna.
  1816 | D:3      | Got Sif Muna's Folio of the Anticline
  1821 | D:3      | Found a bloodstained altar of Trog.
  1969 | D:3      | Found a shimmering altar of Xom.
  1970 | D:3      | Found a shimmering altar of Xom.
  1970 | D:3      | Found a shimmering altar of Xom.
  1971 | D:3      | Found a shimmering altar of Xom.
  1975 | D:3      | Learned a level 2 spell: Scorch
  2133 | D:3      | Noticed Grinder
  2139 | D:3      | Paralysed by Grinder for 4 turns
  2141 | D:3      | Killed from afar by Grinder

Illustrated notes

Levels and vault maps discovered:
D:1:      scummos_arrival_hexagon, layout_loops_corners
D:2:      layout_rooms, basic_altar
D:3:      layout_basic, nzn_overflow_gifts_of_might_and_magic, xom_redecorated,
          chequers_ecumenical_altar_simple, uniq_crazy_yiuf_cottage,
          uniq_grinder

Skill      XL: |  1  2  3  4 |
---------------+-------------+-----
Fighting       | 1 |  1.0
Conjurations   | 3 |  3.0
Spellcasting   | 4 |  4.0
Dodging        | 3 |  3.5
Stealth        | |  2.4
Fire Magic     | |  3.2

Action                     |  1- 3 |  4- 6 || total
---------------------------+-------+-------++-------
  Melee: Unarmed           |     8 |     2 ||    10
         Falchion          |       |     5 ||     5
   Cast: Foxfire           |    60 |    13 ||    73
         Scorch            |       |     4 ||     4
    Use: Scroll            |     3 |     3 ||     6
 Armour: Robe              |    18 |     7 ||    25
  Dodge: Dodged            |    29 |     3 ||    32
